 Dungeon Crawl Stone Soup version 0.28-a0-1227-ga9037bb4c8 (webtiles) character file.

Game seed: 4497549400374651358

228 bearlyready the Skirmisher (level 5, -2/43 HPs)
             Began as a Demonspawn Brigand on Dec 22, 2021.
             Was an Initiate of Yredelemnul.
             Slain by a gnoll (12 damage)
             ... on level 4 of the Dungeon.
             The game lasted 00:04:24 (3741 turns).

bearlyready the Skirmisher (Demonspawn Brigand)     Turns: 3741, Time: 00:04:24

Health: -2/43      AC:  3    Str: 11    XL:     5   Next: 70%
Magic:  0/5        EV:  6    Int: 12    God:    Yredelemnul [......]
Gold:   104        SH:  0    Dex: 17    Spells: 4/4 levels left

rFire   . . .      SeeInvis +   k - +2 short sword (venom)
rCold   . . .      Faith    .   (no shield)
rNeg    . . .      Spirit   +   b - +0 robe
rPois   .          Reflect  .   (helmet restricted)
rElec   .          Harm     .   c - +0 cloak
rCorr   .          Rampage  .   (no gloves)
Will    .....                   (no boots)
Stlth   +++.......              (no amulet)
HPRegen 0.14/turn               o - ring of see invisible
MPRegen 0.18/turn               (no ring)

@: weak-willed, held
A: antennae 1, magic shield, magic regeneration, weakness stinger 1
a: Renounce Religion, Recall Undead Harvest


You were on level 4 of the Dungeon.
You worshipped Yredelemnul.
Yredelemnul was noncommittal.
You visited 2 branches of the dungeon, and saw 5 of its levels.

You collected 104 gold pieces.

Inventory:

Hand Weapons
 a - a +2 dagger
 k - a +2 short sword of venom (weapon)
Missiles
 d - 38 poisoned darts (quivered)
 e - a curare-tipped dart
 i - 148 stones
Armour
 b - a +0 robe (worn)
 c - a +0 cloak (worn)
 g - a +0 kite shield
Jewellery
 o - a ring of see invisible (left hand)
Scrolls
 f - a scroll of magic mapping {unknown}
 j - a scroll of enchant weapon {unknown}
 l - 2 scrolls of identify
 t - a scroll of teleportation {unknown}
 u - a scroll of enchant armour {unknown}
 v - a scroll of vulnerability
Potions
 h - a potion of brilliance {unknown}
 m - 2 potions of curing
 n - a potion of heal wounds {unknown}
 p - a potion of haste {unknown}
 q - a potion of lignification {unknown}
 r - a potion of mutation
 s - a potion of might {unknown}
 w - a potion of attraction {unknown}
 x - a potion of cancellation {unknown}


   Skills:
 + Level 4.4 Fighting
 + Level 4.0 Short Blades
 - Level 1.7 Throwing
 - Level 0.8 Dodging
 - Level 3.6 Stealth
 + Level 0.9 Invocations


You had 4 spell levels left.
You didn't know any spells.
Your spell library contained the following spells:

 Spells                   Type           Power      Damage    Failure   Level
 Fireball                 Conj/Fire      0%         3d3       100%        5
 Iskenderun's Battlesphe  Conj           0%         2d6       100%        5
 Conjure Ball Lightning   Conj/Air       0%         3x3d6     100%        6
 Orb of Destruction       Conj           0%         N/A       100%        7


Dungeon Overview and Level Annotations

Branches:
Dungeon (4/15)             Temple (1/1) D:4

Altars:
Ashenzari
Cheibriados
Dithmenos
Elyvilon
Fedhas
Hepliaklqana
Kikubaaqudgha
Makhleb
Nemelex Xobeh
Okawaru
Ru
Sif Muna
Trog
Uskayaw
Vehumet
Wu Jian
Xom
Yredelemnul
Zin


Innate Abilities, Weirdness & Mutations

You have a pair of small antennae on your head.
When hurt, damage is shared between your health and your magic reserves.
You regenerate magic rapidly.
You have a small tail.


Message History

You throw a poisoned dart. The poisoned dart hits the gnoll.
The gnoll is poisoned.
The gnoll barely misses you.
You hit the gnoll.
The gnoll is lightly wounded.
The gnoll barely misses you. The gnoll hits you with a +0 flail.
The giant cockroach bites you.
You feel a bit more experienced. The giant cockroach barely misses you.
Your Short Blades skill increases to level 4!
The gnoll hits you from afar with a +0 halberd.
The gnoll throws a throwing net.
The throwing net hits you.
You become entangled in the net!
You see here a throwing net.
You struggle against the net.
You kill the gnoll!
The giant cockroach bites you but does no damage.
The gnoll hits you from afar with a +0 halberd!
As you read the scroll labelled MUESYE EBAREN, it crumbles to dust.
Magic quickly surges around you.
It was a scroll of vulnerability.
The giant cockroach bites you but does no damage.
The gnoll barely misses you.
The gnoll hits you from afar with a +0 spear.
You tear a large gash into the net.
The giant cockroach bites you but does no damage.
The gnoll hits you from afar with a +0 halberd!
* * * LOW HITPOINT WARNING * * *
The gnoll hits you from afar with a +0 spear.
* * * LOW HITPOINT WARNING * * *
The giant cockroach bites you but does no damage.
It was a potion of curing.
You feel better. The gnoll hits you but does no damage.
The giant cockroach bites you but does no damage.
The gnoll hits you from afar with a +0 spear!
* * * LOW HITPOINT WARNING * * *
As you read the scroll labelled ROETSICVUUL, it crumbles to dust.
It is a scroll of identify.
r - a potion of mutation The gnoll hits you from afar with a +0 halberd!
You die...
Your body rises from the dead as a mindless zombie.

##..#....#..## ......#
##..'....#...+ ......#+
.'..#....'...# ####+#.......
##..#....#########+##....+.......
###+###.............#....#.......
# #.............#....#....... #
#.......................# #
#.............#.#.......#
########.....###@.g#.#.#(.....+
+......#.....#..B.#.#.#.#.....#
#......#.....+....g#g>g#......#
#.....<#.....#..).#.#g#.#.#+###
###'####.....####..#.#.#....
............. #...#.#......
........... #............#
........... #..#.........#
........... #####.........


You could see 2 gnolls and a giant cockroach (weak-willed).

Vanquished Creatures
  An iguana (D:3)
  An orc wizard (D:3)
  5 gnolls
  6 adders
  2 worms (D:2)
  4 dart slugs
  7 orcs (D:3)
  4 bats
  6 endoplasms
  3 giant cockroaches (D:1)
  3 goblins
  3 hobgoblins
  2 jackals (D:3)
  4 ball pythons
  4 frilled lizards
  4 kobolds
  6 rats
65 creatures vanquished.

Vanquished Creatures (others)
  A dart slug zombie (D:4)
1 creature vanquished.

Grand Total: 66 creatures vanquished

Notes
Turn   | Place    | Note
-------+----------+-------------------------------------------
     0 | D:1      | bearlyready the Demonspawn Brigand began the quest for the
                  | Orb.
     0 | D:1      | Reached XP level 1. HP: 16/16 MP: 1/1
    33 | D:1      | You fall into a shaft and drop 1 floor!
    58 | D:2      | Discovered your monstrous ancestry.
    58 | D:2      | Gained mutation: You have a small tail. [demonic ancestry]
    58 | D:2      | Reached XP level 2. HP: 23/23 MP: 2/2
    74 | D:2      | Gained mutation: You have a pair of small antennae on your
                  | head. [demonic ancestry]
    74 | D:2      | Reached XP level 3. HP: 22/28 MP: 3/3
   874 | D:2      | Gained mutation: You regenerate magic rapidly. [demonic
                  | ancestry]
   874 | D:2      | Reached XP level 4. HP: 35/35 MP: 4/4
  2098 | D:1      | Found a faded altar of an unknown god.
  2922 | D:3      | Gained mutation: When hurt, damage is shared between your
                  | health and your magic reserves. [demonic ancestry]
  2922 | D:3      | Reached XP level 5. HP: 41/42 MP: 5/5
  3156 | D:3      | Found a hide-covered altar of Uskayaw.
  3679 | D:4      | Found a staircase to the Ecumenical Temple.
  3689 | Temple   | Entered the Ecumenical Temple
  3699 | Temple   | Became a worshipper of Yredelemnul the Dark
  3741 | D:4      | Slain by a gnoll

Illustrated notes

Levels and vault maps discovered:
D:1:      ncdulo_smallfort, layout_rooms, nicolae_ecumenical_snake_handling
D:2:      layout_basic
D:3:      layout_loops_corners, eat_drink_and_be_merry_uskayaw
D:4:      layout_gridville, nicolae_gozag_seed_capital, minmay_temple_entry_grid
Temple:   nicolae_temple_no_exploring_needed

Skill      XL: |  1  2  3  4  5 |
---------------+----------------+-----
Short Blades   | 2 3 4 |  4.0
Fighting       | 3 4 |  4.4
Throwing       | |  1.7
Dodging        | |  0.8
Stealth        | |  3.6
Invocations    | |  0.9

Action                   |  1- 3 |  4- 6 || total
-------------------------+-------+-------++-------
Melee: Dagger            |    37 |       ||    37
       Short sword       |     7 |   115 ||   122
       Tailslap          |     2 |    15 ||    17
Throw: Dart              |     7 |     3 ||    10
  Use: Scroll            |       |     2 ||     2
       Potion            |       |     1 ||     1
 Stab: Sleeping          |     1 |    10 ||    11
       Distracted        |     1 |       ||     1
Armor: Robe              |     5 |    29 ||    34
Dodge: Dodged            |    24 |    53 ||    77

Table legend: (Time is in decaauts)
 A = Elapsed time spent in this place.
 B = Non-inter-level travel time spent in this place.
 C = Inter-level travel time spent in this place.
 D = Time resting spent in this place.
 E = Time spent auto-exploring this place.
 F = Levels seen in this place.
 G = Mean time per level.
                   A        B        C        D        E       F      G
               +--------+--------+--------+--------+--------+-----+--------+
         Total |   3728 |   3518 |    210 |    198 |   2809 |   5 |  745.6 |
       Dungeon |   3709 |   3506 |    203 |    198 |   2809 |   4 |  927.2 |
        Temple |     18 |     11 |      7 |      0 |      0 |   1 |   18.0 |
               +--------+--------+--------+--------+--------+-----+--------+

Top non-repeatable levels by time:
     D:2: 1532 daAuts
     D:3: 1140 daAuts
     D:1: 803 daAuts
     D:4: 232 daAuts
  Temple: 18 daAuts
